 Dungeon Crawl Stone Soup version 0.29-a0-477-g62b78b4225 (webtiles) character file.

Game seed: 8685452591226587465

5138 siradein the Fighter (level 10, -2/90 HPs)
             Began as a Black Draconian Fighter on May 24, 2022.
             Was a Follower of Kikubaaqudgha.
             Slain by a troll (7 damage)
             ... on level 8 of the Dungeon.
             The game lasted 00:18:20 (8042 turns).

siradein the Fighter (Black Draconian Fighter)      Turns: 8042, Time: 00:18:20

Health: -2/90      AC: 13    Str: 18    XL:     10   Next: 33%
Magic:  13/13      EV: 12    Int: 20    God:    Kikubaaqudgha [*.....]
Gold:   504        SH:  9    Dex: 10    Spells: 8/14 levels left

rFire   . . .      SeeInvis .   a - +0 flail
rCold   . . .      Faith    .   p - +0 kite shield
rNeg    . . .      Spirit   .   (body armour unavailable)
rPois   .          Reflect  .   (helmet restricted)
rElec   +          Harm     .   D - +2 cloak
rCorr   .          Rampage  .   s - +2 pair of gloves
Will    .....                   (no boots)
Stlth   +.........              i - amulet of magic regeneration
HPRegen 0.25/turn               b - +4 ring of slaying
MPRegen 0.53/turn               x - +6 ring of intelligence

@: no status effects
A: breathe lightning, AC +7, unfitting armour, electricity resistance,
cold-blooded
a: Breathe Lightning, Renounce Religion, Unearth Wretches


You were on level 8 of the Dungeon.
You worshipped Kikubaaqudgha.
Kikubaaqudgha was aware of your devotion.
You visited 1 branch of the dungeon, and saw 8 of its levels.

You collected 504 gold pieces.

Inventory:

Hand Weapons
 a - a +0 flail (weapon)
Armour
 p - a +0 kite shield (worn)
 s - a +2 pair of gloves (worn)
 D - a +2 cloak (worn)
Magical Staves
 v - a staff of death
Jewellery
 b - a +4 ring of slaying (left hand)
 e - a ring of see invisible
 f - a +4 ring of protection
 i - an amulet of magic regeneration (around neck)
 l - a ring of fire
 x - a +6 ring of intelligence (right hand)
Wands
 u - a wand of flame (20)
 w - a wand of polymorph (14)
 H - a wand of mindburst (11)
 I - a wand of paralysis (3)
 L - a wand of charming (2)
 M - a wand of acid (12)
Scrolls
 g - 2 scrolls of fog
 h - 2 scrolls of enchant weapon {unknown}
 k - 3 scrolls of fear {unknown}
 m - a scroll of blinking
 n - a scroll of magic mapping
 r - 2 scrolls of summoning
 y - 4 scrolls of teleportation
 A - a scroll of identify
 F - a scroll of torment {unknown}
 G - a scroll of poison {unknown}
Potions
 c - 2 potions of might
 d - a potion of lignification
 j - a potion of heal wounds {unknown}
 o - 4 potions of flight
 q - a potion of haste
 t - 2 potions of ambrosia
 z - 4 potions of curing
 B - a potion of mutation {unknown}
 C - 2 potions of attraction {unknown}
 E - 2 potions of brilliance {unknown}
 J - a potion of cancellation {unknown}
 K - a potion of invisibility


   Skills:
 + Level 8.4 Fighting
 + Level 7.3 Maces & Flails
 + Level 7.0 Dodging
 + Level 7.7 Shields
 + Level 2.6 Spellcasting
 + Level 5.1 Necromancy


You had 8 spell levels left.
You knew the following spells:

 Your Spells              Type           Power      Damage    Failure   Level
a - Blink                 Tloc           4%         N/A       50%         2
b - Animate Dead          Necr           23%        N/A       41%         4

Your spell library contained the following spells:

 Spells                   Type           Power      Damage    Failure   Level
 Necrotize                Necr           92%        1d8       4%          1
 Sublimation of Blood     Necr           23%        N/A       7%          2
 Sandblast                Erth           4%         2d4       36%         1
 Passwall                 Tmut/Erth      1%         N/A       50%         2
 Ignite Poison            Fire/Tmut/Pois 2%         N/A       73%         3
 Mephitic Cloud           Conj/Pois/Air  2%         N/A       73%         3
 Stone Arrow              Conj/Erth      4%         3d7       73%         3
 Anguish                  Hex/Necr       6%         N/A       77%         4
 Freezing Cloud           Conj/Ice/Air   1%         6-21      100%        5
 Manifold Assault         Tloc           2%         N/A       100%        5
 Storm Form               Tmut/Air       1%         N/A       100%        7


Dungeon Overview and Level Annotations

Branches:
Dungeon (8/15)             Temple (0/1) D:7            Lair (0/6) D:8

Altars:
Kikubaaqudgha
Nemelex Xobeh
Ru
Uskayaw

Shops:
D:4 =

Annotations:
D:4 1 runed translucent door, Crazy Yiuf
D:5 3 runed translucent doors, spaghetti's ghost, amateur GrFi


Innate Abilities, Weirdness & Mutations

You can breathe wild blasts of lightning.
Your glossy black scales are hard. (AC +7)
You cannot fit into any form of body armour.
You are resistant to electric shocks. (rElec)
You are cold-blooded and may be slowed by cold attacks.


Message History

Your Dodging skill increases to level 7!
Your Necromancy skill increases to level 5!
Things that are here:
a +0 giant spiked club; a +0 giant spiked club
Found a scroll labelled HAX OTUINLIC.
Found 14 gold pieces and a scroll of summoning.
You now have 504 gold pieces (gained 14).
You hear the rapid hiss of a distant avalanche of sand.
r - 2 scrolls of summoning (gained 1)
A water moccasin comes into view.
Found 10 gold pieces.
The water moccasin hisses angrily.
You hear a shout!
A troll comes into view.
Found a long sword.
The troll shouts!
The water moccasin attacks as you move away!
The water moccasin bites you but does no damage.
The water moccasin bites you.
* * * LOW HITPOINT WARNING * * *
You sock the water moccasin!
Your tail-slap misses the water moccasin.
The water moccasin is severely wounded.
You block the water moccasin's attack. The water moccasin barely misses you.
You thump the water moccasin!
You kill the water moccasin!
Kikubaaqudgha accepts your kill.
You thump the troll!
The troll is lightly wounded.
The troll barely misses you. You block the troll's attack. The troll claws you!
* * * LOW HITPOINT WARNING * * *
You closely miss the troll.
The troll is lightly wounded.
You hear the rapid hiss of a distant avalanche of sand.
The troll bites you.
* * * LOW HITPOINT WARNING * * *
The troll claws you.
* * * LOW HITPOINT WARNING * * *
The troll barely misses you. You block the troll's attack. The troll claws you!
You die...
Kikubaaqudgha rasps: "You have failed me!
Welcome... death!"

# *,,,,,,,,,,,,,,,,,*,,****** #
*,***************,*,,* #
*,,,,,,,,,,,,,,,*,*,,* #
############*,,,,,*,,* #
####..........#*,*,***,,* #
#.....#######.##.#.# *,,* #
#.....# #.#....# *,,****** #
#.....#### #.#....* *,,,,,,,, #
#........# #@#...####*,****** #
#...?..#.# #T#.......,,,,,,,, #
#......#,# #.#......#*,*,,,,, #
####+#.#,####.#......#*,*,****
######*,#.#,#..........$.,,,,,,,*
......,,#.#,#.##......T..,,,,,,,*
#########.#,#,#....≈..≈≈.,,≈,,,,*
........#.#,*,#.....≈≈≈≈.≈,≈≈,,,*
#######.#.#,*,#....≈≈≈≈≈.≈,≈≈≈,,*


You could see a troll.

Vanquished Creatures
  A two-headed ogre (D:8)
  Pikel (D:7)
  Maggie (D:7)
  A slime creature (D:8)
  Sigmund (D:3)
  6 yaks (D:8)
  Eustachio (D:6)
  A steam dragon (D:7)
  2 water moccasins (D:8)
  4 ice beasts
  A sky beast (D:6)
  An orc warrior (D:6)
  3 black bears (D:6)
  A centaur (D:7)
  A kobold brigand (D:7)
  2 bullfrogs (D:7)
  A gnoll sergeant (D:8)
  2 scorpions
  A howler monkey (D:6)
  3 hounds (D:5)
  2 jellies (D:5)
  A gnoll shaman (D:8)
  An orc priest (D:7)
  5 orc wizards
  Ijyb (D:3)
  Natasha (thrice) (D:3)
  2 iguanas
  Terence (D:3)
  16 gnolls
  9 adders
  A white imp (D:7)
  An ufetubus (D:4)
  A worm (D:3)
  5 dart slugs
  16 orcs
  3 bats
  4 endoplasms
  2 giant cockroaches
  5 goblins
  5 hobgoblins
  A jackal (D:4)
  A quokka (D:4)
  A ball python (D:2)
  4 frilled lizards
  6 kobolds
  5 rats
137 creatures vanquished.

Vanquished Creatures (others)
  An orc (D:7)
  3 kobolds (D:7)
  5 fungi (D:4)
9 creatures vanquished.

Grand Total: 146 creatures vanquished

Notes
Turn   | Place    | Note
-------+----------+-------------------------------------------
     0 | D:1      | siradein the Draconian Fighter began the quest for the Orb.
     0 | D:1      | Reached XP level 1. HP: 19/19 MP: 1/1
    88 | D:1      | Noticed a great orb of eyes
    90 | D:1      | Found a faded altar of an unknown god.
    92 | D:1      | Noticed a great orb of eyes
   101 | D:1      | Noticed a shining eye
   271 | D:1      | Reached XP level 2. HP: 26/26 MP: 2/2
   504 | D:1      | Noticed a golden eye
   785 | D:2      | Reached XP level 3. HP: 22/33 MP: 3/3
  1853 | D:3      | Noticed Sigmund
  1861 | D:3      | Killed Sigmund
  1862 | D:3      | Reached skill level 4 in Fighting
  1862 | D:3      | Reached XP level 4. HP: 41/41 MP: 4/4
  1862 | D:3      | Reached XP level 5. HP: 47/47 MP: 5/5
  1949 | D:3      | Noticed Natasha
  1969 | D:3      | Killed Natasha
  2004 | D:3      | Noticed Natasha
  2008 | D:3      | Killed Natasha
  2009 | D:3      | Reached XP level 6. HP: 47/53 MP: 6/6
  2045 | D:3      | Noticed Natasha
  2051 | D:3      | Killed Natasha
  2252 | D:3      | Noticed Ijyb
  2332 | D:3      | Killed Ijyb
  2333 | D:3      | Reached skill level 5 in Fighting
  2550 | D:3      | Noticed Terence
  2563 | D:3      | Killed Terence
  3177 | D:4      | Found a hide-covered altar of Uskayaw.
  3457 | D:4      | Found Fohuepp's Jewellery Shoppe.
  3840 | D:4      | Found a runed translucent door.
  3841 | D:4      | Noticed Crazy Yiuf
  3898 | D:5      | Entered Level 5 of the Dungeon
  3982 | D:5      | Your scales start taking on a glossy black colour.
  3982 | D:5      | Reached XP level 7. HP: 56/61 MP: 7/7
  3982 | D:5      | Gained mutation: You are resistant to electric shocks.
                  | (rElec) [Black Draconian growth]
  4066 | D:5      | Found a sacrificial altar of Ru.
  4289 | D:5      | Reached skill level 5 in Shields
  4369 | D:5      | Found a runed translucent gate.
  4369 | D:5      | Found a runed translucent gate.
  4369 | D:5      | Found a runed translucent gate.
  4631 | D:5      | Found a sparkling altar of Nemelex Xobeh.
  4813 | D:5      | Noticed spaghetti's ghost (amateur GrFi)
  4968 | D:6      | Found an ancient bone altar of Kikubaaqudgha.
  4972 | D:6      | Became a worshipper of Kikubaaqudgha
  5045 | D:6      | Noticed Eustachio
  5082 | D:6      | Killed Eustachio
  5083 | D:6      | Reached skill level 6 in Fighting
  5393 | D:6      | Reached skill level 5 in Maces & Flails
  5393 | D:6      | Reached skill level 5 in Dodging
  5393 | D:6      | Reached XP level 8. HP: 58/70 MP: 8/8
  5493 | D:6      | Reached skill level 1 in Necromancy
  5969 | D:7      | Noticed Maggie
  6668 | D:7      | Killed Maggie
  6669 | D:7      | Reached skill level 7 in Fighting
  6669 | D:7      | Reached XP level 9. HP: 53/79 MP: 9/9
  6845 | D:7      | Found a staircase to the Ecumenical Temple.
  6855 | D:7      | Noticed Pikel
  6869 | D:7      | Paralysed by Pikel for 5 turns
  6876 | D:7      | Paralysed by Pikel for 2 turns
  6879 | D:7      | Killed Pikel
  6927 | D:7      | Reached * piety under Kikubaaqudgha
  6927 | D:7      | Received a gift from Kikubaaqudgha
  7000 | D:7      | Learned a level 2 spell: Blink
  7005 | D:7      | Learned a level 4 spell: Animate Dead
  7378 | D:8      | Reached skill level 1 in Spellcasting
  7399 | D:8      | Reached skill level 8 in Fighting
  7416 | D:8      | Reached XP level 10. HP: 72/88 MP: 12/12
  7985 | D:8      | Noticed a two-headed ogre
  7994 | D:8      | Killed a two-headed ogre
  7995 | D:8      | Reached skill level 5 in Necromancy
  8042 | D:8      | Slain by a troll

Illustrated notes

Levels and vault maps discovered:
D:1:      minmay_arrival_loop, layout_basic,
          hellmonk_ecumenical_altar_watching_god, minmay_misc_feat_encased,
          minivault_24
D:2:      layout_loops_corners, dk_noncrumbling_4, grunt_decor_mini_mirrors,
          minmay_tree_intersection, kennysheep_doodads
D:3:      layout_basic, minmay_ruptured, uniq_sigmund, uniq_natasha, uniq_ijyb,
          uniq_terence
D:4:      layout_rooms, mainiacjoe_overflow_six_doors_small,
          kennysheep_windowed_goal, uniq_crazy_yiuf_cottage
D:5:      layout_gridville, nemelex_spade_bored_becter, lemuel_doored_altar,
          ebering_ghost_rock_garden
D:6:      layout_basic, mainiacjoe_overflow_alcove_4, uniq_eustachio
D:7:      nicolae_cairo_tiling_large_dashed, layout_cave_pools, uniq_maggie,
          uniq_pikel
D:8:      kennysheep_big_flooded_room, layout_basic, erik_lair_island,
          enter_ossuary_1

Skill      XL: |  1  2  3  4  5  6  7  8  9 10 |
---------------+-------------------------------+-----
Dodging        | 3 4 5 6 7 |  7.0
Fighting       | 4 5 6 7 8 |  8.4
Maces & Flails | 3 4 5 6 7 |  7.3
Shields        | 4 5 6 7 |  7.7
Necromancy     | 3 4 5 |  5.1
Spellcasting   | 1 2 |  2.6

Action                   |  1- 3 |  4- 6 |  7- 9 | 10-12 || total
-------------------------+-------+-------+-------+-------++-------
Melee: Flail             |    79 |   106 |   238 |    51 ||   474
       Tailslap          |     7 |    12 |    43 |     8 ||    70
       Unarmed           |       |    27 |       |       ||    27
 Abil: Breathe Lightning |       |       |     2 |     1 ||     3
  Use: Scroll            |       |     5 |     4 |     1 ||    10
Armor: Skin              |    34 |    40 |   144 |    11 ||   229
Dodge: Dodged            |    49 |    72 |   157 |    28 ||   306
Block: Buckler           |    14 |       |       |       ||    14
       Kite shield       |     1 |    41 |   166 |    27 ||   235

Table legend: (Time is in decaauts)
 A = Elapsed time spent in this place.
 B = Non-inter-level travel time spent in this place.
 C = Inter-level travel time spent in this place.
 D = Time resting spent in this place.
 E = Time spent auto-exploring this place.
 F = Levels seen in this place.
 G = Mean time per level.
                   A        B        C        D        E       F      G
               +--------+--------+--------+--------+--------+-----+--------+
         Total |   8172 |   7929 |    243 |    949 |   5434 |   8 | 1021.5 |
       Dungeon |   8172 |   7929 |    243 |    949 |   5434 |   8 | 1021.5 |
               +--------+--------+--------+--------+--------+-----+--------+

Top non-repeatable levels by time:
     D:6: 1699 daAuts
     D:3: 1305 daAuts
     D:2: 1092 daAuts
     D:5: 973 daAuts
     D:7: 930 daAuts
     D:1: 782 daAuts
     D:4: 761 daAuts
     D:8: 627 daAuts
